 Dungeon Crawl Stone Soup version 0.25-a0-51-gc466198 (webtiles) character file.

Game seed: 12262913386820918874, levelgen mode: deterministic

635 BoppinsLewinski the Skirmisher (level 7, -3/55 HPs)
             Began as a Demonspawn Fighter on Oct 25, 2019.
             Slain by a river rat (5 damage)
             ... summoned by Eustachio
             ... on level 5 of the Dungeon.
             The game lasted 00:09:46 (4576 turns).

BoppinsLewinski the Skirmisher (Demonspawn Fighter) Turns: 4576, Time: 00:09:47

Health: -3/55      AC: 10    Str: 19    XL:     7   Next: 25%
Magic:  7/7        EV: 11    Int: 16    God:
Gold:   213        SH:  0    Dex: 12    Spells: 6/6 levels left

rFire    . . .     SeeInvis .   a - +0 long sword
rCold    + . .     Gourm    .   (no shield)
rNeg     + . .     Faith    .   b - +0 scale mail
rPois    .         Spirit   .   (helmet restricted)
rElec    .         Reflect  .   (no cloak)
rCorr    .         Harm     .   (no gloves)
MR       .....                  (no boots)
Stlth    ..........             (no amulet)
HPRegen  0.18/turn              e - ring of positive energy
MPRegen  0.10/turn              k - ring of protection from cold

@: brilliant
A: antennae 2, claws 1, thin metallic scales 2, clever 1, powered by death 1,
MP-powered wands
a: no special abilities


You were on level 5 of the Dungeon.
You were not hungry.

You visited 1 branch of the dungeon, and saw 5 of its levels.

You collected 213 gold pieces.

Inventory:

Hand Weapons
 a - a +0 long sword (weapon)
Armour
 b - a +0 scale mail (worn)
Jewellery
 c - a +3 ring of strength {unknown}
 e - a ring of positive energy (left claw)
 g - an uncursed ring of see invisible
 k - a ring of protection from cold (right claw)
Scrolls
 d - a scroll of random uselessness {unknown}
 h - a scroll of enchant weapon {unknown}
 i - 3 scrolls of teleportation {unknown}
 j - 5 scrolls of remove curse {unknown}
 p - 2 scrolls of fear {unknown}
 q - 3 scrolls of identify {unknown}
Potions
 m - a potion of flight
Comestibles
 f - 4 rations


   Skills:
 + Level 4.6 Fighting
 + Level 3.6 Long Blades
 + Level 2.2 Throwing
 + Level 4.3 Armour
 + Level 3.0 Dodging
   Level 2.7 Shields


You had 6 spell levels left.
You didn't know any spells.
Your spell library was empty.

Dungeon Overview and Level Annotations

Branches:
Dungeon (5/15)
 Temple: D:4-7

Altars:
Wu Jian
Xom

Shops:
D:4 [

Annotations:
D:5 Eustachio


Innate Abilities, Weirdness & Mutations

You have a pair of antennae on your head.
You are mostly covered in thin metallic scales. (AC +3)
You regenerate a little health from kills.
You have sharp fingernails.
Your mind is acute. (Int +2)
You expend magic power (3 MP) to strengthen your wands.


Message History

Tha ri'er rat bites ye but does nay damage.
Unknown command.
Ye miss Eustachio.
Eustachio be moderately wounded.
Eustachio hits ye wit' a +0 falchion.
Tha ri'er rat bites ye!
* * * LOW HITPOINT WARNIN'
* * * Tha ri'er rat closely misses ye.
Eustachio hits ye wit' a +0 falchion.
* * * LOW HITPOINT WARNIN'
* * * Unknown command.
Ye slash Eustachio!
Eustachio be heavily wounded.
Tha ri'er rat bites ye but does nay damage.
Tha ri'er rat bites ye.
* * * LOW HITPOINT WARNIN'
* * * Eustachio mumbles some strange words.
Ye hit Eustachio.
Eustachio be heavily wounded.
Tha quokka disappears in a puff o' smoke!
Tha ri'er rat bites ye.
Ye die...

### ..#
#.# #.#
#ยง#
###r###
#..@).#
#.r@..#
#..b..#
#..r..#
#.....#
##.#.##
.# #. #
#


You could see Eustachio, 2 river rats, a bat and a rat.

Vanquished Creatures
  2 ogres (D:4)
  A gnoll sergeant (D:4)
  2 orc wizards (D:4)
  Natasha (thrice) (D:4)
  A worker ant (D:4)
  3 gnolls
  9 adders
  A shadow imp (D:5)
  3 worms
  A dart slug (D:2)
  2 leopard geckos
  9 orcs
  8 bats
  4 giant cockroaches
  8 hobgoblins
  3 jackals (D:4)
  2 quokkas
  2 ball pythons
  9 frilled lizards
  6 goblins
  8 kobolds
  11 rats
98 creatures vanquished.

Vanquished Creatures (others)
  An orc wizard (D:4)
1 creature vanquished.

Grand Total: 99 creatures vanquished

Notes
Turn   | Place    | Note
-------+----------+-------------------------------------------
     0 | D:1      | BoppinsLewinski the Demonspawn Fighter began the quest for
                  | the Orb.
     0 | D:1      | Reached XP level 1. HP: 18/18 MP: 1/1
   136 | D:1      | Gained mutation: You are partially covered in thin metallic
                  | scales. (AC +2) [demonic ancestry]
   136 | D:1      | Reached XP level 2. HP: 21/24 MP: 2/2
   375 | D:1      | Gained mutation: You have a pair of small antennae on your
                  | head. [demonic ancestry]
   375 | D:1      | Reached XP level 3. HP: 27/29 MP: 3/3
   812 | D:2      | Reached skill level 1 in Dodging
  1500 | D:2      | Gained mutation: You are mostly covered in thin metallic
                  | scales. (AC +3) [demonic ancestry]
  1500 | D:2      | Reached XP level 4. HP: 25/35 MP: 4/4
  2420 | D:3      | Found an ornate altar of the Wu Jian Council.
  2967 | D:3      | Found a shimmering altar of Xom.
  3381 | D:4      | Reached XP level 5. HP: 42/42 MP: 5/5
  3546 | D:4      | Noticed Natasha
  3554 | D:4      | Killed Natasha
  3554 | D:4      | Reached skill level 1 in Throwing
  3578 | D:4      | Noticed Natasha
  3585 | D:4      | Killed Natasha
  3608 | D:4      | Noticed an ogre
  3617 | D:4      | Killed an ogre
  3617 | D:4      | Gained mutation: You regenerate a little health from kills.
                  | [demonic ancestry]
  3617 | D:4      | Reached XP level 6. HP: 37/48 MP: 6/6
  3994 | D:4      | Found Uvvolera's Armour Shoppe.
  4228 | D:4      | Noticed Natasha
  4245 | D:4      | Killed Natasha
  4245 | D:4      | Gained mutation: You have a pair of antennae on your head.
                  | [demonic ancestry]
  4245 | D:4      | Reached XP level 7. HP: 39/55 MP: 7/7
  4392 | D:5      | Entered Level 5 of the Dungeon
  4534 | D:5      | Noticed Eustachio
  4536 | D:5      | Gained mutation: Your mind is acute. (Int +2) [potion of
                  | mutation]
  4536 | D:5      | Gained mutation: You expend magic power (3 MP) to
                  | strengthen your wands. [potion of mutation]
  4536 | D:5      | Gained mutation: You have sharp fingernails. [potion of
                  | mutation]
  4575 | D:5      | HP: 2/55 [river rat[Eustachio] (6)]
  4576 | D:5      | Slain by a river rat

Levels and vault maps discovered:
D:1:      dpeg_arrival_signposts, layout_basic, minmay_tripent
D:2:      layout_loops_corners
D:3:      layout_basic, lemuel_crystal_altar, old_standard_altar, first_ration
D:4:      layout_gridville, serial_shops, kennysheep_little_box,
          gup_sewer_entry_spiral, uniq_natasha
D:5:      layout_loops_cross, lightli_temple_of_fire,
          minmay_temple_entry_stoned_glass, eino_tiny_chamber,
          fedhas_ov_isle_minmay, uniq_eustachio

Skill      XL: |  1  2  3  4  5  6  7 |
---------------+----------------------+-----
Long Blades    | 2 3 |  3.6
Armour         | 3 4 |  4.3
Dodging        | 1 2 3 |  3.0
Throwing       | 1 2 |  2.2
Fighting       | 4 |  4.6
Shields        | |  2.7

Action                   |  1- 3 |  4- 6 |  7- 9 || total
-------------------------+-------+-------+-------++-------
Melee: Long sword        |   116 |   252 |    61 ||   429
  Use: Potion            |       |     8 |     4 ||    12
       Scroll            |       |     1 |       ||     1
 Stab: Invisible         |       |     1 |       ||     1
  Eat: Chunk             |     2 |     5 |     2 ||     9
       Ration            |       |     1 |       ||     1
Armor: Scale mail        |    78 |   126 |    36 ||   240
Dodge: Dodged            |    63 |   187 |    72 ||   322
Block: Shield            |     3 |       |       ||     3
       Rpst.: Long sword |    20 |    58 |    20 ||    98

Table legend:
 A = Non-vault XP
 B = Vault XP
 C = Vault XP percentage of total XP
 D = Non-vault monster count
 E = Vault monster count
 F = Vault count percentage of total count
                 A         B        C        D         E       F
            +---------+---------+-------+---------+---------+-------
      Total |     839 |      69 |   7.6 |      88 |      11 |  11.1
            +---------+---------+-------+---------+---------+-------
        D:1 |      48 |       2 |   4.0 |      30 |       2 |   6.2
        D:2 |      58 |       0 |   0.0 |      14 |       0 |   0.0
        D:3 |      60 |       0 |   0.0 |      17 |       0 |   0.0
        D:4 |     632 |      67 |   9.6 |      24 |       9 |  27.3
        D:5 |      41 |       0 |   0.0 |       3 |       0 |   0.0
            +---------+---------+-------+---------+---------+-------
